Map: Ley Lines

Players

LiquidClem (Clem)

  • Race: Terran Terran
  • League: Grandmaster
  • Spawn Location: 1:00

Serral - Winner!

  • Race: Zerg Zerg
  • League: Master
  • Spawn Location: 7:00

VOD

Have the link to the VOD?

Description

Time

  • Played on: June 7, 2025, 2:20 p.m.
  • Length: 33:27
Show
View Real Time Build Order
Export as new Build Order

LiquidClem Terran 

Build Orders: Reaper Expand, Hellion Banshee 

Get SALT Encoding   

  12  0:00  SCV  
  13  0:12  SCV  
  14  0:17  Supply Depot  
  14  0:24  SCV  
  15  0:38  SCV  
  15  0:39  Barracks  
  16  0:44  Refinery  
  16  0:50  SCV  
  17  1:02  SCV  
  18  1:14  SCV  
  19  1:26  Reaper  
  19  1:27  Orbital Command  
  20  1:38  Command Center  
  20  1:46  Supply Depot  
  20  1:52  SCV  
  21  1:58  Marine  
  22  2:04  SCV  
  23  2:10  Factory  
  23  2:16  SCV  
  23  2:21  Barracks Reactor  
  24  2:28  SCV  
  25  2:37  Command Center  
  25  2:40  SCV  
  26  2:50  Orbital Command  
  26  2:52  SCV  
  27  3:00  Starport  
  27  3:04  Hellion  
  27  3:05  SCV  
  30  3:09  Hellion  
  30  3:12  Refinery  
  32  3:15  SCV  
  32  3:17  SCV  
  34  3:20  Barracks Tech Lab  
  34  3:26  Hellion  
  36  3:28  SCV  
  36  3:30  Hellion  
  36  3:32  SCV  
  40  3:40  SCV  
  41  3:44  Banshee  
  41  3:47  Marine  
  43  3:53  Hellion  
  43  3:54  Hellion, Orbital Command  
  47  4:00  SCV  
  47  4:01  SCV  
  48  4:05  Marine  
  49  4:12  SCV, Cloaking Field  
  49  4:13  SCV  
  51  4:20  SCV, Supply Depot  
  51  4:23  Barracks Tech Lab  
  52  4:24  SCV  
  52  4:27  SCV  
  52  4:32  SCV  
  52  4:36  Banshee  
  52  4:37  Barracks  
  52  4:38  SCV  
  57  4:41  Barracks  
  57  4:43  SCV, Supply Depot  
  57  4:44  SCV  
  59  4:49  Refinery  
  59  4:50  SCV, Factory Reactor  
  59  4:51  Refinery  
  60  4:55  SCV  
  60  4:57  Marine  
  63  5:00  Orbital Command  
  63  5:03  SCV  
  63  5:05  Stimpack  
  63  5:06  Supply Depot  
  63  5:07  SCV  
  63  5:15  SCV  
  63  5:17  Marine  
  63  5:19  SCV  
  62  5:25  Marine x2  
  62  5:27  SCV x2  
  66  5:32  SCV  
  67  5:36  Marine  
  67  5:37  Engineering Bay x2  
  67  5:39  SCV x2  
  67  5:41  Starport Reactor  
  71  5:44  Marine x2  
  71  5:46  Siege Tank  
  71  5:47  SCV  
  76  5:50  Supply Depot  
  76  5:51  SCV  
  77  5:57  Supply Depot  
  77  6:06  Marine  
  77  6:07  SCV x2, Marine x2  
  77  6:08  Terran Infantry Weapons Level 1, Terran Infantry Armor Level 1  
  77  6:09  SCV  
  77  6:10  Supply Depot  
  75  6:12  Marine x2  
  80  6:19  Medivac  
  80  6:20  SCV x2, Supply Depot  
  80  6:23  SCV  
  80  6:24  Marine, Medivac  
  84  6:32  SCV x2  
  84  6:33  Barracks  
  84  6:34  Barracks, Marine  
  84  6:35  SCV  
  84  6:38  Marine x3, Supply Depot  
  89  6:41  Siege Tank  
  89  6:45  Combat Shield  
  89  6:46  SCV  
  93  6:48  SCV, Supply Depot  
  93  6:49  SCV  
  93  6:52  Marine x2  
  97  6:54  Medivac  
  97  6:56  Marine  
  97  6:57  Medivac  
  97  6:59  SCV  
  97  7:00  SCV  
  97  7:01  SCV, Marine  
  105  7:03  Marine  
  105  7:04  Supply Depot  
  107  7:09  Armory, Marine  
  107  7:10  Marine  
  107  7:11  SCV  
  107  7:12  Supply Depot  
  107  7:15  SCV, Supply Depot  
  111  7:19  Siege Tank  
  111  7:21  Marine  
  111  7:22  SCV  
  116  7:23  Marine  
  116  7:24  Barracks Reactor x2  
  116  7:28  Supply Depot  
  117  7:31  SCV  
  117  7:33  SCV  
  117  7:36  Marine  
  117  7:37  Marine x2  
  118  7:39  Marine  
  118  7:41  Marine  
  118  7:43  SCV, Medivac x2  
  118  7:47  Refinery  
  118  7:49  Command Center  
  117  7:54  Marine x2  
  117  7:56  Marine  
  117  7:57  Marine  
  117  7:58  Factory  
  121  8:00  Marine x2  
  121  8:02  Marine  
  121  8:03  Marine x2  
  126  8:08  Siege Tank  
  126  8:12  Marine x2  
  130  8:17  Marine  
  130  8:18  Marine x3  
  130  8:19  Medivac  
  134  8:20  Marine, Medivac  
  134  8:21  Marine  
  134  8:24  Marine, Supply Depot  
  134  8:25  SCV  
  134  8:26  SCV x2, Refinery  
  142  8:30  Marine x2  
  142  8:35  Marine  
  142  8:36  Drilling Claws, Marine x3  
  142  8:38  SCV, Marine  
  148  8:43  Barracks  
  148  8:44  Terran Infantry Weapons Level 2, Barracks x2  
  148  8:45  Marine x2  
  148  8:48  Marine, Factory Reactor  
  141  8:51  Marine  
  141  8:53  Marine  
  141  8:54  Marine  
  141  8:55  Widow Mine  
  146  8:56  Marine x2  
  146  8:57  Marauder  
  146  9:01  SCV  
  151  9:03  Marine x2  
  151  9:05  Marine  
  151  9:06  Medivac x2  
  151  9:09  Marine  
  159  9:10  Supply Depot x2  
  159  9:11  SCV, Marine  
  159  9:14  SCV x2  
  159  9:16  Marine x2  
  165  9:19  Widow Mine  
  165  9:21  Marine  
  165  9:24  Marine x2  
  170  9:26  Concussive Shells  
  170  9:27  Supply Depot, Marine, Marauder  
  172  9:32  Marine  
  172  9:33  Marine  
  172  9:35  Barracks Tech Lab  
  172  9:36  Barracks Tech Lab  
  172  9:37  Marine  
  176  9:39  Planetary Fortress  
  176  9:41  SCV, Barracks Tech Lab  
  176  9:44  Widow Mine  
  176  9:45  Supply Depot  
  178  9:49  Marauder  
  178  9:50  Widow Mine  
  178  9:51  Marine x2  
  178  9:52  SCV  
  182  9:54  Marine  
  182  9:55  Mag-Field Accelerator  
  182  9:59  Marine x2  
  184  10:03  Command Center, Marine, Marauder x3  
  184  10:06  Widow Mine  
  194  10:13  Marine  
  194  10:14  Widow Mine, Marine  
  184  10:16  Marine x2  
  184  10:19  Terran Infantry Armor Level 2  
  184  10:20  Terran Vehicle And Ship Armor Level 1  
  186  10:23  Widow Mine  
  186  10:25  Marauder x2  
  186  10:26  Marauder x2  
  196  10:29  Widow Mine  
  196  10:33  Marine  
  192  10:36  Medivac  
  192  10:42  Ghost Academy  
  187  10:44  Widow Mine, Marine x3  
  187  10:47  Widow Mine, Marine x2  
  187  10:48  Marine x2  
  198  10:51  Widow Mine  
  198  10:54  Refinery  
  198  10:56  Refinery  
  195  11:11  Medivac  
  195  11:13  Widow Mine, Marine  
  195  11:15  Ghost x2, Widow Mine x2, Marine x4  
  198  11:23  Command Center  
  198  11:28  Command Center  
  198  11:35  Widow Mine  
  200  11:44  Terran Infantry Weapons Level 3  
  200  11:46  Planetary Fortress  
  200  11:50  Command Center  
  200  12:03  Ghost  
  200  12:06  Widow Mine  
  200  12:07  Marine  
  200  12:08  Marine  
  191  12:11  Widow Mine, Marine x2  
  191  12:15  Medivac  
  187  12:16  Widow Mine, Marine  
  187  12:18  Marine x2  
  187  12:19  Ghost x2  
  198  12:23  Terran Vehicle And Ship Armor Level 2  
  198  12:24  Sensor Tower  
  198  12:25  Missile Turret  
  198  12:28  Widow Mine  
  196  12:32  Widow Mine  
  196  12:35  Orbital Command  
  198  12:37  Widow Mine, Command Center  
  198  12:43  Sensor Tower  
  200  12:44  Fusion Core  
  200  12:45  Starport  
  200  12:47  Command Center  
  200  12:50  Widow Mine  
  200  12:58  Missile Turret  
  200  12:59  Missile Turret  
  200  13:01  Orbital Command  
  200  13:02  Missile Turret x3  
  200  13:03  Missile Turret  
  200  13:04  Orbital Command  
  200  13:30  Starport Reactor  
  200  13:31  Advanced Ballistics  
  200  13:53  Command Center  
  200  13:54  Terran Infantry Armor Level 3  
  200  14:01  Orbital Command, Ghost x2  
  195  14:05  Widow Mine  
  197  14:10  Ghost  
  200  14:20  Orbital Command  
  196  14:27  Ghost  
  196  14:28  Command Center  
  199  14:35  Command Center  
  199  14:42  Caduceus Reactor  
  199  14:45  Ghost  
  200  14:57  Neosteel Armor  
  200  14:58  Personal Cloaking  
  200  15:10  Starport  
  200  15:12  Unknown  
  200  15:17  Ghost  
  200  15:20  Ghost  
  200  15:21  Ghost x2  
  183  15:23  Widow Mine  
  183  15:27  Liberator x3, Widow Mine, Command Center  
  199  15:39  Orbital Command  
  199  15:41  Command Center  
  199  15:51  Sensor Tower  
  199  15:52  Missile Turret, Sensor Tower  
  199  15:55  Liberator x2, Widow Mine x2  
  195  15:57  Ghost  
  195  16:01  Orbital Command  
  185  16:04  Ghost  
  185  16:07  Ghost  
  185  16:08  Ghost  
  185  16:09  Widow Mine, Marine x2  
  185  16:10  Liberator x2  
  185  16:11  Marine x2  
  189  16:12  Liberator  
  174  16:20  Widow Mine  
  174  16:24  Widow Mine  
  174  16:25  Marine  
  176  16:26  Ghost  
  176  16:31  SCV  
  180  16:33  Ghost  
  180  16:34  Widow Mine, Marine  
  180  16:35  Ghost, Marine x4  
  180  16:38  Liberator  
  196  16:41  Planetary Fortress, Widow Mine  
  196  16:44  Starport Reactor  
  198  16:51  Ghost, Widow Mine  
  198  16:52  Marine  
  198  16:54  Ghost, Marine x2  
  176  16:55  Widow Mine, Marine  
  176  16:57  SCV  
  176  16:59  Marine  
  173  17:01  Ghost  
  173  17:08  Widow Mine  
  178  17:09  Ghost  
  181  17:20  Marauder  
  183  17:24  Marauder  
  183  17:25  Widow Mine, Marine x2  
  183  17:26  SCV  
  190  17:30  Missile Turret  
  190  17:36  Orbital Command  
  190  17:40  Unknown, Liberator  
  190  17:43  Sensor Tower  
  190  17:45  Liberator x2  
  190  17:46  Ghost  
  190  17:48  Liberator  
  199  17:53  Marine  
  200  18:01  Command Center  
  200  18:03  Sensor Tower  
  200  18:04  Missile Turret  
  200  18:10  Command Center  
  200  18:23  Orbital Command  
  200  18:31  Marine  
  194  18:38  Widow Mine, Marine  
  188  18:45  Widow Mine  
  188  18:46  Sensor Tower  
  188  18:48  Missile Turret  
  189  18:51  Missile Turret  
  189  18:54  Liberator  
  192  18:56  Liberator x2  
  198  19:06  Ghost  
  198  19:09  Ghost, Widow Mine  
  193  19:10  Ghost  
  193  19:14  Ghost  
  193  19:15  Medivac  
  193  19:16  Widow Mine  
  197  19:18  Liberator  
  200  19:42  Medivac  
  198  19:46  Ghost  
  198  19:47  Ghost  
  198  19:48  Liberator  
  198  19:50  Liberator  
  173  19:53  Liberator  
  173  19:55  Ghost, Widow Mine  
  173  19:58  SCV, Widow Mine  
  182  20:03  Liberator x2  
  182  20:05  Ghost, Marine x2  
  193  20:08  Orbital Command x2  
  193  20:10  Marine  
  193  20:11  Marine  
  195  20:15  Ghost  
  195  20:17  Widow Mine, Marine x2  
  200  20:30  Orbital Command  
  200  20:41  Liberator, Widow Mine  
  200  20:42  Ghost  
  192  20:48  Liberator  
  192  20:51  Liberator  
  192  20:52  Missile Turret, Sensor Tower  
  195  21:02  Sensor Tower  
  195  21:13  Widow Mine  
  195  21:16  Missile Turret  
  191  21:26  Orbital Command  
  191  21:28  Liberator  
  191  21:29  Ghost, Widow Mine  
  191  21:32  Liberator, Widow Mine  
  184  21:33  Marine  
  184  21:34  Widow Mine  
  184  21:35  Liberator  
  184  21:36  Marine  
  182  21:40  Ghost, Marine x2  
  182  21:41  Marine  
  186  21:48  Liberator  
  186  21:50  Widow Mine  
  186  21:54  Widow Mine  
  191  22:00  Widow Mine, Marine  
  184  22:02  Ghost  
  184  22:05  Marine  
  184  22:08  Marine x3  
  188  22:10  Refinery  
  188  22:11  Widow Mine, Marine  
  188  22:12  Marine  
  188  22:15  Marine  
  196  22:19  Widow Mine, Marine  
  197  22:23  Marine  
  197  22:24  Widow Mine  
  197  22:25  Medivac  
  197  22:28  Marine x4  
  197  22:29  Marine  
  195  22:30  SCV  
  195  22:33  Widow Mine  
  198  22:45  Widow Mine  
  197  23:09  Liberator  
  190  23:13  Liberator  
  190  23:15  Liberator x2  
  190  23:16  Widow Mine x2  
  200  23:32  Ghost  
  200  23:34  Marine x3  
  174  23:35  Widow Mine, Marine  
  174  23:38  SCV x2  
  174  23:41  Marine x2  
  166  23:42  Marine x2  
  166  23:46  Marine  
  171  23:49  SCV x4  
  171  23:53  Widow Mine  
  171  23:54  Marine  
  178  23:57  Orbital Command, Marine  
  178  23:59  Marine  
  178  24:00  Widow Mine, Marine x2  
  178  24:01  Marine x2  
  186  24:04  Liberator  
  186  24:06  Missile Turret  
  186  24:08  Widow Mine  
  191  24:15  Marine  
  187  24:21  Widow Mine  
  187  24:28  Marine  
  188  24:34  Sensor Tower  
  188  24:35  Ghost  
  188  24:37  Widow Mine, Refinery  
  188  24:38  Refinery  
  193  24:42  Widow Mine, Marine  
  193  24:43  Marine x3  
  199  24:48  Marine  
  198  25:12  Missile Turret, Command Center  
  198  25:13  Missile Turret  
  188  25:21  Ghost  
  188  25:26  Widow Mine, Marine  
  188  25:28  Marine  
  185  25:36  Liberator  
  185  25:40  Liberator, Widow Mine  
  185  25:42  Liberator  
  190  25:43  Widow Mine  
  190  25:44  Marine x4  
  190  25:47  Widow Mine, Marine  
  199  25:51  Command Center  
  199  26:04  Ghost  
  195  26:07  Widow Mine  
  195  26:08  Liberator  
  166  26:15  Marine  
  166  26:16  Widow Mine  
  154  26:19  Marine x2  
  156  26:26  Widow Mine  
  156  26:31  Marine x2  
  160  26:33  Widow Mine  
  160  26:39  Medivac  
  153  26:41  Planetary Fortress  
  153  26:48  Orbital Command, Widow Mine, Marine x2  
  153  26:49  Marine  
  153  26:52  Widow Mine, Marine x2  
  153  26:53  Marine  
  163  26:57  Widow Mine, Marine x3  
  163  27:01  Marine x2  
  151  27:02  Marine  
  151  27:06  Marine x3  
  152  27:09  Widow Mine  
  152  27:10  Marine  
  152  27:14  Marine  
  156  27:17  Marine x3  
  156  27:22  Widow Mine  
  156  27:28  Marine x3  
  159  27:31  SCV x4  
  159  27:32  Unknown, SCV  
  159  27:36  SCV  
  163  27:42  Liberator  
  166  27:50  Widow Mine, Marine  
  166  27:51  Marine x2  
  170  27:52  Marine x3  
  169  27:59  Widow Mine  
  169  28:03  Orbital Command  
  171  28:06  Widow Mine  
  165  28:16  Liberator  
  165  28:17  Ghost, Widow Mine  
  153  28:20  Ghost, Marine  
  153  28:23  Marine  
  153  28:26  Liberator  
  161  28:30  SCV  
  161  28:31  SCV  
  161  28:32  SCV x2  
  162  28:34  Marine x3  
  162  28:35  Marine x3  
  162  28:41  Marine  
  169  28:50  SCV  
  170  28:57  Liberator  
  170  29:02  Liberator  
  173  29:05  Liberator  
  177  29:13  Widow Mine x3  
  183  29:23  Marine x2  
  183  29:27  Marauder  
  183  29:28  Marauder x2  
  183  29:29  Marine  
  190  29:35  Widow Mine  
  190  29:36  Marine x2  
  194  29:45  Missile Turret  
  194  29:47  Missile Turret  
  194  29:48  Marauder  
  173  29:54  Ghost, Marine x2  
  173  29:56  Marauder x2  
  173  29:57  Liberator, Widow Mine  
  173  29:59  Marine x3  
  159  30:00  Marine x3  
  159  30:06  Orbital Command  
  140  30:18  Widow Mine, Marine x2  
  129  30:32  Marine  
  130  30:40  Orbital Command  
  126  30:59  Medivac  
  126  31:01  Widow Mine  
  112  31:04  Widow Mine, Marine  
  112  31:05  Marine x2  
  112  31:06  Marine  
  112  31:08  Widow Mine  
  97  31:31  Marine  
  97  31:32  Marine x4  
  102  31:34  Marine  
  102  31:36  Marine  
  102  31:38  Marine  
  102  31:39  Marine  
  101  31:42  Marine  
  101  31:45  Marine  
  101  31:46  Marine  
  100  31:49  Marine  
  91  32:00  SCV  
  90  32:04  SCV x2  
  90  32:05  SCV  
  93  32:12  SCV x2  
  93  32:13  SCV x3  
  93  32:15  Marine  
  99  32:18  Marine  
  99  32:21  Widow Mine  
  93  32:27  Marine  
  93  32:28  Orbital Command  
  71  32:34  Marine  
  68  32:48  Marine  
  69  32:57  Marine  
  68  33:03  Marine  
  68  33:04  Marine  
Show
View Real Time Build Order
Export as new Build Order

Serral Zerg - Winner!

Build Orders: Hatch First 

Get SALT Encoding   

  12  0:00  Drone  
  13  0:07  Drone  
  14  0:14  Extractor  
  14  0:15  Drone  
  15  0:21  Overlord  
  15  0:39  Drone  
  16  0:45  Hatchery  
  16  0:49  Drone  
  16  0:52  Drone  
  16  0:56  Drone  
  18  1:06  Extractor  
  18  1:10  Spawning Pool  
  16  1:14  Drone  
  16  1:17  Drone  
  18  1:26  Drone  
  19  1:37  Drone  
  20  1:47  Drone  
  21  1:57  Queen x2  
  21  1:58  Zergling x4  
  27  2:09  Overlord  
  27  2:10  Drone  
  27  2:11  Metabolic Boost  
  28  2:30  Hatchery  
  28  2:31  Drone x2  
  28  2:35  Drone  
  29  2:39  Drone  
  30  2:45  Queen  
  30  2:50  Overlord  
  32  2:52  Drone  
  32  2:55  Drone  
  34  2:59  Zergling x2  
  35  3:08  Zergling x8  
  35  3:10  Zergling x4  
  41  3:16  Zergling x4  
  43  3:24  Overlord  
  43  3:27  Overlord  
  43  3:41  Queen  
  43  3:43  Drone x7  
  52  3:50  Drone x2  
  52  3:53  Drone  
  52  3:55  Drone x3  
  57  4:02  Drone  
  57  4:04  Drone  
  57  4:05  Drone  
  57  4:07  Queen  
  61  4:11  Overlord  
  61  4:14  Drone x3  
  64  4:19  Zergling x4  
  64  4:20  Overlord  
  66  4:25  Overlord  
  66  4:29  Overlord  
  66  4:33  Queen  
  66  4:34  Zergling x2  
  66  4:36  Drone  
  66  4:38  Drone  
  71  4:43  Drone x4  
  75  4:48  Zergling x2  
  75  4:49  Lair  
  75  4:50  Drone x3  
  75  4:51  Zergling x2  
  80  4:55  Queen  
  80  4:56  Spore Crawler  
  81  5:00  Drone x4  
  81  5:04  Zergling x4  
  86  5:11  Drone x4  
  86  5:12  Drone  
  91  5:15  Drone  
  93  5:21  Drone x4  
  93  5:24  Drone  
  93  5:26  Spore Crawler  
  93  5:27  Spore Crawler, Baneling Nest  
  91  5:28  Extractor  
  91  5:29  Hatchery, Extractor x3  
  91  5:31  Zergling x2  
  91  5:32  Drone x3  
  90  5:37  Drone x2  
  90  5:38  Queen  
  90  5:42  Evolution Chamber  
  92  5:43  Zergling x2  
  92  5:44  Drone x2  
  92  5:45  Evolution Chamber, Drone  
  92  5:47  Overseer  
  92  5:49  Drone  
  96  5:53  Drone  
  96  5:55  Overlord x3  
  96  5:56  Extractor, Overlord  
  96  6:05  Drone x2  
  96  6:06  Drone  
  97  6:13  Overlord  
  97  6:15  Drone  
  97  6:16  Drone x5  
  97  6:17  Zerg Melee Weapons Level 1  
  103  6:20  Zerg Ground Armor Level 1  
  103  6:24  Zergling x8  
  107  6:25  Hatchery  
  107  6:27  Zergling x8  
  106  6:33  Hydralisk Den  
  106  6:37  Zergling x12, Infestation Pit  
  111  6:42  Drone  
  111  6:46  Zergling x4, Overlord  
  114  6:49  Centrifugal Hooks  
  114  6:51  Baneling x11  
  114  6:53  Zergling x2  
  114  6:54  Zergling x4  
  117  6:58  Drone x2  
  117  7:01  Hydralisk Den, Overlord  
  119  7:05  Zergling x10  
  119  7:06  Overseer  
  124  7:12  Zergling x2, Overlord  
  124  7:13  Zergling x12  
  131  7:18  Zergling x10  
  136  7:25  Queen  
  136  7:27  Zergling x12  
  141  7:31  Overlord  
  133  7:43  Zergling x22  
  138  7:45  Muscular Augments  
  138  7:49  Baneling x12  
  138  7:50  Baneling  
  138  7:52  Drone  
  138  7:56  Zergling x18  
  146  8:00  Zergling x2  
  146  8:02  Zergling x10  
  152  8:06  Baneling x6  
  149  8:14  Zergling x14  
  149  8:16  Zerg Missile Weapons Level 1  
  149  8:18  Zerg Ground Armor Level 2  
  149  8:24  Drone x5  
  153  8:27  Zergling x10  
  153  8:30  Zergling x2  
  153  8:33  Drone  
  158  8:36  Spore Crawler, Pneumatized Carapace  
  158  8:37  Overseer  
  158  8:38  Baneling x6  
  158  8:39  Baneling x2  
  158  8:40  Baneling  
  158  8:41  Zergling x6  
  159  8:43  Zergling x6  
  159  8:49  Grooved Spines  
  159  8:52  Zergling x20  
  169  8:58  Baneling x6  
  169  8:59  Baneling  
  169  9:01  Drone  
  169  9:02  Spore Crawler  
  169  9:03  Hydralisk x3  
  169  9:08  Overlord, Infestation Pit  
  172  9:12  Overlord x2  
  172  9:16  Hydralisk x2  
  173  9:22  Extractor, Overlord x2  
  172  9:25  Baneling x7  
  172  9:28  Hydralisk x3, Drone x3  
  180  9:31  Drone  
  180  9:34  Hydralisk x4  
  180  9:38  Baneling x6, Zergling x2  
  188  9:39  Zergling x4  
  191  9:46  Zergling x18  
  191  9:49  Zergling x8  
  196  9:56  Hive  
  196  9:59  Lurker Den  
  195  10:00  Baneling x7  
  195  10:03  Zergling x10  
  198  10:12  Hydralisk x6  
  197  10:14  Drone  
  197  10:15  Drone  
  199  10:24  Baneling x7  
  199  10:26  Overlord x2  
  197  10:30  Hydralisk x4  
  189  10:37  Hydralisk x2  
  189  10:38  Zergling x16  
  198  10:45  Drone x2  
  198  10:46  Extractor, Drone  
  198  10:49  Hatchery  
  199  10:52  Baneling x9  
  199  10:53  Baneling  
  199  10:55  Overseer  
  199  11:01  Extractor  
  198  11:05  Drone x2  
  197  11:14  Zergling x26  
  197  11:15  Zergling x8  
  199  11:20  Seismic Spines  
  199  11:21  Zerg Ground Armor Level 3, Zerg Missile Weapons Level 2  
  197  11:32  Extractor  
  196  11:34  Zergling x8  
  196  11:39  Adrenal Glands  
  200  11:41  Baneling x4  
  200  11:44  Overseer  
  200  11:52  Nydus Network, Drone  
  200  11:56  Hatchery  
  200  11:57  Drone  
  200  11:58  Overseer x2  
  200  11:59  Baneling  
  200  12:00  Baneling x6  
  199  12:07  Zergling x12  
  199  12:11  Zergling x8  
  195  12:17  Adaptive Talons  
  195  12:25  Overseer x3  
  195  12:28  Infestor x3  
  195  12:29  Drone x2  
  197  12:30  Drone  
  197  12:31  Drone  
  197  12:35  Lurker  
  199  12:49  Hatchery, Overlord  
  198  12:52  Lurker x2  
  200  13:03  Overseer  
  200  13:05  Evolution Chamber  
  199  13:08  Burrow  
  199  13:10  Drone  
  200  13:15  Nydus Canal  
  200  13:18  Overseer  
  200  13:26  Spire  
  198  13:29  Drone  
  198  13:31  Nydus Canal  
  198  13:32  Baneling x7  
  198  13:33  Baneling  
  199  13:37  Spore Crawler x2  
  199  13:40  Drone x2  
  199  13:43  Zerg Missile Weapons Level 3, Zerg Melee Weapons Level 2  
  199  13:55  Spore Crawler  
  197  14:02  Zergling x22  
  193  14:03  Nydus Canal  
  193  14:06  Zergling x14  
  200  14:18  Hatchery, Zergling x2  
  200  14:19  Zergling x2  
  197  14:35  Nydus Canal  
  197  14:36  Baneling  
  197  14:37  Baneling x8  
  197  14:39  Drone x2  
  197  14:40  Drone  
  197  14:41  Drone  
  197  14:42  Zerg Flyer Weapons Level 1  
  196  14:46  Drone x3  
  197  14:54  Infestor  
  199  15:04  Nydus Canal  
  199  15:18  Zergling x2  
  199  15:19  Zergling x24  
  187  15:22  Infestor  
  187  15:23  Hydralisk x3  
  187  15:24  Zergling x32  
  195  15:30  Unknown, Zergling x10  
  195  15:33  Baneling x4  
  199  15:37  Zergling x2  
  199  15:39  Nydus Canal  
  199  15:41  Baneling x13  
  200  15:43  Hatchery  
  199  15:52  Zergling x4  
  200  16:02  Zergling x4  
  198  16:09  Zergling x6  
  198  16:10  Zergling x22  
  196  16:15  Zergling x28  
  199  16:18  Zerg Melee Weapons Level 3  
  199  16:22  Unknown  
  189  16:26  Baneling x16  
  189  16:27  Infestor  
  189  16:28  Infestor  
  189  16:31  Viper x2, Baneling x3  
  199  16:33  Zergling x2  
  199  16:36  Zerg Flyer Armor Level 1  
  197  16:50  Hydralisk x4  
  197  16:51  Zergling x28  
  188  16:56  Hydralisk x2  
  188  16:58  Infestor  
  188  16:59  Zergling x20  
  188  17:01  Nydus Canal  
  199  17:02  Baneling x8  
  199  17:03  Baneling x6  
  199  17:14  Infestor  
  196  17:44  Drone x3  
  196  17:48  Unknown  
  198  17:53  Zergling x6  
  199  18:01  Baneling x8  
  199  18:03  Baneling  
  199  18:04  Baneling x7  
  199  18:07  Spore Crawler x2  
  199  18:09  Drone x2  
  199  18:15  Spore Crawler  
  199  18:17  Nydus Canal  
  198  18:22  Drone  
  199  18:29  Infestor  
  199  18:30  Zerg Flyer Weapons Level 2  
  191  18:35  Zergling x20  
  191  18:39  Zergling x8  
  191  18:40  Zergling x6  
  191  18:41  Overseer  
  195  18:52  Nydus Canal  
  195  18:54  Zergling x10  
  200  18:58  Baneling x7  
  200  19:09  Infestor  
  189  19:14  Zergling x38  
  199  19:22  Baneling x8  
  198  19:29  Infestor  
  199  19:33  Nydus Canal  
  196  19:49  Zergling x2  
  196  19:50  Zergling x36  
  197  19:53  Zergling x6  
  197  19:55  Nydus Canal  
  197  19:58  Baneling  
  198  20:00  Baneling x12  
  198  20:05  Zergling x6  
  199  20:07  Overseer x2  
  197  20:25  Nydus Canal  
  197  20:27  Overlord x3  
  197  20:28  Overseer  
  197  20:31  Zergling x2  
  197  20:32  Zergling x4  
  197  20:33  Hatchery  
  189  20:46  Zerg Flyer Armor Level 2  
  186  20:50  Zergling x26  
  186  20:54  Baneling x6  
  199  21:12  Nydus Canal  
  199  21:16  Zergling x2  
  200  21:20  Infestor  
  184  21:34  Zergling x40  
  184  21:39  Zergling x14  
  199  21:52  Zergling x16  
  200  22:00  Hydralisk x2, Zergling x8  
  195  22:08  Baneling  
  195  22:09  Baneling x35  
  195  22:12  Zergling x2  
  195  22:13  Zergling x8  
  195  22:28  Zergling x36  
  198  22:31  Spore Crawler  
  198  22:34  Zergling x10  
  198  22:39  Nydus Canal  
  197  22:49  Hatchery  
  196  22:58  Zergling x6  
  199  23:02  Zerg Flyer Weapons Level 3  
  191  23:06  Zergling x20  
  195  23:15  Nydus Canal  
  195  23:16  Zergling x10  
  197  23:22  Drone x3  
  197  23:23  Drone x3  
  158  23:35  Zergling x46  
  158  23:37  Zergling x38  
  158  23:41  Zergling x44  
  190  23:46  Baneling x12  
  199  23:50  Drone  
  200  24:01  Baneling x6  
  198  24:10  Zergling x6  
  178  24:24  Spine Crawler, Drone x2  
  178  24:26  Corruptor x10  
  178  24:27  Drone  
  178  24:29  Ultralisk Cavern  
  178  24:31  Baneling x10  
  195  24:40  Drone  
  195  24:41  Infestor, Drone x2  
  195  24:42  Drone x2  
  199  24:57  Hatchery  
  198  25:08  Corruptor  
  198  25:10  Baneling x2  
  198  25:11  Baneling  
  198  25:13  Extractor x2  
  198  25:19  Spore Crawler  
  192  25:23  Corruptor x3  
  192  25:24  Corruptor x2  
  196  25:29  Zergling x4  
  196  25:32  Baneling x7  
  196  25:35  Chitinous Plating  
  198  25:39  Zerg Flyer Armor Level 3  
  198  25:42  Zergling x30  
  199  25:47  Hatchery  
  188  26:07  Zergling x30  
  188  26:08  Zergling x12  
  190  26:11  Zergling x22  
  190  26:15  Zergling x8, Ultralisk x2  
  190  26:16  Overlord x2  
  190  26:17  Overlord  
  199  26:19  Overseer x2  
  199  26:21  Baneling x23  
  194  26:26  Infestor x2  
  194  26:29  Zergling x12  
  192  26:40  Corruptor  
  194  26:47  Hatchery, Zergling x10  
  194  26:53  Anabolic Synthesis  
  196  27:00  Hydralisk  
  196  27:01  Hydralisk x2, Zergling x18  
  173  27:02  Zergling x28  
  195  27:11  Baneling  
  195  27:12  Baneling x7, Infestor x2  
  195  27:15  Zergling x12  
  199  27:22  Zergling x6  
  199  27:28  Infestor  
  199  27:30  Hatchery  
  199  27:36  Zergling x6  
  200  27:39  Baneling x7  
  198  27:55  Zergling x8  
  198  27:56  Hydralisk  
  197  28:12  Zergling x16  
  183  28:13  Zergling x30  
  183  28:16  Zergling x24  
  183  28:17  Zergling x2  
  191  28:23  Ultralisk  
  191  28:24  Zergling x10  
  197  28:32  Zergling x8  
  197  28:33  Baneling  
  197  28:34  Baneling x4  
  199  28:35  Baneling x3  
  199  28:36  Baneling x9  
  199  28:41  Zergling x14  
  198  28:53  Overseer  
  198  28:54  Baneling x2, Zergling x2  
  199  28:58  Extractor  
  199  28:59  Extractor  
  199  29:01  Baneling x12, Zergling x2  
  199  29:02  Zergling x2  
  199  29:09  Hatchery  
  198  29:10  Infestor  
  195  29:22  Zergling x12  
  197  29:42  Zergling x6  
  162  29:53  Zergling x16, Ultralisk x2  
  162  29:54  Zergling x24  
  162  29:56  Zergling x4  
  162  29:57  Zergling x16  
  198  30:00  Zergling x2  
  198  30:01  Zergling x2  
  195  30:12  Zergling x2, Ultralisk  
  195  30:13  Zergling x14  
  194  30:15  Corruptor  
  194  30:16  Corruptor x7  
  195  30:23  Hatchery, Zergling x20  
  195  30:24  Zergling x4  
  197  30:34  Overseer  
  197  30:36  Corruptor  
  185  31:02  Zergling x24  
  185  31:03  Zergling x38  
  161  31:13  Zergling x18, Ultralisk x2  
  182  31:21  Drone x14  
  182  31:22  Zergling x10  
  169  31:36  Hatchery  
  169  31:37  Zergling x28  
  169  31:39  Baneling x7  
  181  31:45  Zergling x2  
  181  31:46  Zergling x2  
  161  31:58  Drone x3  
  161  32:00  Drone  
  164  32:01  Drone x4  
  164  32:02  Infestor  
  164  32:03  Infestor  
  164  32:04  Zergling x16, Ultralisk x2  
  164  32:05  Overseer  
  191  32:11  Drone  
  191  32:14  Zergling x14  
  189  32:28  Zergling x18  
  184  32:30  Spore Crawler  
  184  32:33  Infestor  
  184  32:34  Drone  
  184  32:39  Zergling x2  
  184  32:40  Zergling x22  
  196  32:46  Baneling  
  196  32:47  Baneling x8  
  195  32:52  Zergling x8  
Tags
 
Add a new tag
Caveats
  • Supply blocks, unpowered buildings, or Contaminate may cause inaccurate times.
  • Supply counts are checked every 10 seconds.